 Dungeon Crawl Stone Soup version 0.18-a0-965-g9200175 (webtiles) character file.

1298 root the Sneak (level 8, 0/74 HPs)
             Began as a Naga Berserker on Jan 1, 2016.
             Was a Priest of Trog.
             Slain by a killer bee (7 damage)
             ... on level 7 of the Dungeon.
             The game lasted 00:31:57 (7099 turns).

root the Sneak (Naga Berserker)                     Turns: 7099, Time: 00:31:57

Health: 0/74       AC:  3    Str: 25    XL:     8   Next: 56%
Magic:  8/8        EV:  9    Int:  8    God:    Trog [***...]
Gold:   300        SH:  8    Dex: 12    Spells: 0 memorised, 7 levels left

rFire  . . .     SeeInvis +     a - +0 falchion
rCold  + . .     Gourm    .     b - +0 animal skin
rNeg   . . .     Faith    .     r - +0 shield
rPois  +         Spirit   .     (no helmet)
rElec  .         Dismiss  .     (no cloak)
rCorr  .         Reflect  .     (no gloves)
SustAt .         Harm     .     (no barding)
MR     +....                    (no amulet)
Stlth  ++++......               n - ring of protection from cold
                                B - ring of flight

@: mighty, lethally poisoned (0 -> 0), drained, very slow, somewhat resistant to
hostile enchantments, stealthy
A: see invisible, deformed body, poison resistance, slowness 2, slow metabolism
1, spit poison 2, AC +2
a: Spit Poison, Berserk, Trog's Hand, Burn Spellbooks, Renounce Religion, Evoke
Flight


You were on level 7 of the Dungeon.
You worshipped Trog.
Trog was most pleased with you.
You were not hungry.

You visited 1 branch of the dungeon, and saw 7 of its levels.

You collected 300 gold pieces.

Inventory:

Hand Weapons
 a - a +0 falchion (weapon)
Missiles
 A - a throwing net (quivered)
Armour
 b - a +0 animal skin (worn)
 r - a +0 shield (worn)
Magical Staves
 F - an uncursed staff of air {unknown}
Jewellery
 i - a +1 ring of slaying
 n - a ring of protection from cold (right hand)
 B - a ring of flight (left hand)
Scrolls
 g - 8 scrolls of enchant weapon {unknown}
 l - 6 scrolls of identify {unknown}
 m - 2 scrolls of immolation {unknown}
 p - 2 scrolls of fear {unknown}
 q - 2 scrolls of teleportation {unknown}
 s - a scroll of magic mapping {unknown}
 t - 2 scrolls of noise {unknown}
 v - 2 scrolls of random uselessness {unknown}
 y - a scroll of blinking {unknown}
 z - a scroll of remove curse {unknown}
Potions
 d - a potion of might
 e - 2 potions of heal wounds
 h - 2 potions of haste {unknown}
 j - 2 potions of cure mutation {unknown}
 k - 2 potions of agility {unknown}
 o - a potion of curing {unknown}
 w - a potion of flight {unknown}
 x - a potion of ambrosia {unknown}
 E - a potion of mutation {unknown}
Books
 D - a book of Fire

   Spells                             Type                      Level
   a - Ignite Poison                  Fire/Transmutation/Poison    3
   b - Fireball                       Conjuration/Fire             5
   c - Bolt of Fire                   Conjuration/Fire             6
   d - Delayed Fireball               Conjuration/Fire             7
   e - Ring of Flames                 Charms/Fire                  7
   Trog disapproves of the use of such an item.
Comestibles
 c - 5 bread rations
 f - 6 meat rations
 u - a royal jelly
 C - a chunk of flesh


   Skills:
 + Level 5.0(4.4) Fighting
 + Level 4.9(4.3) Long Blades
 + Level 1.7(1.2) Armour
 + Level 5.3(4.7) Dodging
 * Level 7.5(6.9) Stealth
 + Level 1.9(1.3) Shields


You had 7 spell levels left.
You didn't know any spells.

Dungeon Overview and Level Annotations

Branches:
Dungeon (7/15)             Temple (0/1) D:5

Altars:
Ashenzari
Cheibriados
Elyvilon
Gozag
Makhleb
Okawaru
Trog
Xom

Shops:
D:7 [=

Annotations:
D:5 root's ghost, novice HOFi


Innate Abilities, Weirdness & Mutations

You cannot wear boots.
Your serpentine skin is tough (AC +2).
You have supernaturally acute eyesight.
Armour fits poorly on your strangely shaped body.
Your system is resistant to poisons.
You cover ground very slowly.
You have a slow metabolism.
You can spit poison.


Message History

It was a potion of might.
You feel very mighty all of a sudden. The killer bee stings you.
* * * LOW HITPOINT WARNING * * *
The killer bee barely misses you.
You closely miss the killer bee.
You have got your breath back.
You feel sick. The killer bee closely misses you. The killer bee misses you.
The killer bee stings you.
* * * LOW HITPOINT WARNING * * *
Drink which item? (? for menu, Esc to quit)
You feel much better. The killer bee barely misses you.
The killer bee stings you.
You closely miss the killer bee. You block the killer bee's attack.
The killer bee stings you!
* * * LOW HITPOINT WARNING * * *
You closely miss the killer bee.
You feel sick. The killer bee stings you!
* * * LOW HITPOINT WARNING * * *
The killer bee stings you!
You die...

#.# #.##############
..............(.
#.###.###.......
#<#...).).)).###
.########.#######.##.#..
..................#....g
........#.############..
#######@#...............
...#y################
..########.#.###########
.......[............
...#
..#.####.#.#....[...
#..#### ...#.#..######
#.#... #####.#..# #.....
......#..# ##.... #....#
#....


You could see a killer bee.

Vanquished Creatures
  A hippogriff (D:7)
  An ogre (D:4)
  3 giant frogs
  2 scorpions
  An electric eel (D:6)
  A wight (D:7)
  3 crimson imps
  3 hounds
  A centaur skeleton (D:6)
  2 iguanas (D:6)
  2 orc wizards (D:4)
  5 worker ants
  10 adders
  4 gnolls (D:7)
  An ooze (D:1)
  An adder zombie (D:5)
  3 worms
  7 giant geckos
  19 orcs
  2 giant cockroaches
  5 goblins
  4 hobgoblins
  9 jackals
  4 quokkas
  4 ball pythons
  6 bats
  3 giant newts
  2 jackal skeletons
  10 kobolds
  7 rats
126 creatures vanquished.

Notes
Turn   | Place    | Note
--------------------------------------------------------------
     0 | D:1      | root the Naga Berserker began the quest for the Orb.
     0 | D:1      | Reached XP level 1. HP: 21/21 MP: 1/1
    64 | D:1      | Found a shimmering altar of Xom.
   113 | D:1      | Reached skill level 1 in Stealth
   164 | D:1      | Reached XP level 2. HP: 13/28 MP: 2/2
   565 | D:1      | Reached XP level 3. HP: 27/34 MP: 3/3
   598 | D:1      | Reached ** piety under Trog
   785 | D:2      | Found a burning altar of Makhleb.
   876 | D:2      | Found a white marble altar of Elyvilon.
  1133 | D:2      | Reached XP level 4. HP: 37/42 MP: 4/4
  2339 | D:3      | Found an opulent altar of Gozag.
  2340 | D:3      | Found a bloodstained altar of Trog.
  2399 | D:3      | Reached XP level 5. HP: 47/49 MP: 5/5
  2610 | D:4      | Noticed an ogre
  2623 | D:4      | Killed an ogre
  2623 | D:4      | Reached skill level 4 in Stealth
  2623 | D:4      | Reached XP level 6. HP: 30/57 MP: 6/6
  2929 | D:4      | Reached *** piety under Trog
  3847 | D:5      | Entered Level 5 of the Dungeon
  3855 | D:4      | Reached skill level 5 in Stealth
  3855 | D:4      | Reached XP level 7. HP: 47/64 MP: 7/7
  4123 | D:5      | Found a snail-covered altar of Cheibriados.
  4141 | D:5      | Found a staircase to the Ecumenical Temple.
  4172 | D:5      | Noticed root's ghost (novice HOFi)
  4438 | D:5      | Reached skill level 1 in Shields
  4922 | D:6      | Found an iron altar of Okawaru.
  4959 | D:6      | Found a shattered altar of Ashenzari.
  5109 | D:6      | Reached skill level 6 in Stealth
  5535 | D:6      | Reached XP level 8. HP: 48/73 MP: 8/8
  6326 | D:7      | Reached **** piety under Trog
  6326 | D:7      | Reached skill level 5 in Dodging
  6326 | D:7      | Reached skill level 7 in Stealth
  6531 | D:7      | Found Poheida's Jewellery Boutique.
  6597 | D:7      | HP: 3/73 [wight/battleaxe (3)]
  6928 | D:7      | Reached skill level 5 in Fighting
  7061 | D:7      | Found Moipt's Armour Shoppe.
  7096 | D:7      | HP: 3/74 [killer bee (4)]
  7099 | D:7      | Slain by a killer bee

Vault maps used:
D:1:      elethiomel_arrival_quiet, hex_tiny, minmay_misc_feat_roman,
          xom_teletrap_fun
D:2:      bloody_makhleb, elyvilon_altar_5
D:3:      gammafunk_temple_overflow_statue
D:5:      led_sif_book, old_standard_altar, minmay_temple_entry_glassed_door,
          first_bread
D:6:      nicolae_ashenzari_panopticon, lemuel_round_altar, serial_bayou,
          serial_bayou_shore_a, serial_bayou_pond_a, serial_bayou_crossing,
          serial_bayou_pond_d
D:7:      nicolae_overflow_hidden_temple, serial_shops, shop_statue,
          nicolae_shop_statue_plus, shop

Action                   |  1- 3 |  4- 6 |  7- 9 || total
-------------------------+-------+-------+-------++-------
Melee: Falchion          |    81 |   128 |   167 ||   376
 Abil: Spit Poison       |    28 |    40 |    58 ||   126
  Use: Potion            |       |       |     3 ||     3
 Stab: Sleeping          |     1 |     2 |     4 ||     7
  Eat: Chunk             |     2 |     9 |    12 ||    23
